Islanders vs Canucks
Created - April 12, 2023 at 20:30
Goals
|
| Islanders |
1 |
1 |
0 |
2 |
| Canucks |
2 |
1 |
2 |
5 |
|
Shots
|
| Islanders |
7 |
13 |
11 |
31 |
| Canucks |
11 |
9 |
14 |
34 |
|
1st period
1. Canucks , Gilbert Brule 20 (Jujhar Khaira 20, Brandon Burlon 4) at 4:24
2. Islanders , Frans Nielsen 27 (Vladimir Tarasenko 36, Yann Sauvé 23) at 19:01
3. Canucks , Sam Gagner 15 (Jujhar Khaira 21, Brandon Gormley 22) at 19:37
Penalties :
Sergei Plotnikov (NyI) for Roughing (Minor) at 0:49, J.T. Miller (Van) for Hooking (Minor) at 13:27
2nd period
4. Canucks , Hampus Lindholm 9 (Oliver Ekman-Larsson 41, Alexandar Georgiev) at 2:56 (PP)
5. Islanders , Ryan Ellis 18 (Frans Nielsen 38) at 15:28 (PP)
Penalties :
Craig Smith (NyI) for Tripping (Minor) at 2:40, J.T. Miller (Van) for Hooking (Minor) at 7:36, Melker Karlsson (NyI) for Elbowing (Minor) at 10:29, J.T. Miller (Van) for Holding (Minor) at 15:26, Denis Gurianov (Van) for Holding (Minor) at 15:58
3rd period
6. Canucks , Hampus Lindholm 10 (Jujhar Khaira 22) at 2:51
7. Canucks , Derick Brassard 29 (J.T. Miller 40, Brandon Gormley 23) at 12:58
Penalties :
Sam Gagner (Van) for Tripping (Minor) at 6:12, Derick Brassard (Van) for Slashing (Minor) at 13:45, Maxim Talbot (Van) for High sticking (Minor) at 16:24
Goalie Stats
Cam Ward (NyI), 29 saves from 34 shots - (0.853), L, 13-11-3, 60:00 minutes
Alexandar Georgiev (Van), 29 saves from 31 shots - (0.935), W, 24-32-3, 60:00 minutes
Players Stats for Islanders
Player Name G A P +/- PIM S H SB GA TA FO MP PP MP PK MP
------------------------------------------------------------------------------------
Andrew Shaw 0 0 0 0 0 0 0 0 0 0 0/0 6:18 0:00 0:00
Brenden Dillon 0 0 0 -1 0 0 1 0 1 0 0/0 9:44 0:00 0:00
Brock McGinn 0 0 0 -1 0 1 3 0 0 1 0/0 18:07 5:04 0:33
Craig Smith 0 0 0 -2 2 4 0 0 0 0 0/0 12:23 0:00 0:00
Dylan McIlrath 0 0 0 0 0 0 0 0 0 0 0/0 2:18 0:00 0:00
Emerson Etem 0 0 0 0 0 0 0 0 0 0 0/1 7:11 0:00 0:33
Frans Nielsen 1 1 2 0 0 6 1 0 1 0 18/33 20:56 6:52 1:19
Justin Falk 0 0 0 -1 0 0 0 1 0 1 0/0 9:44 0:00 0:00
Kellan Lain 0 0 0 0 0 1 1 0 0 0 0/1 20:31 6:49 1:19
Melker Karlsson 0 0 0 -1 2 0 2 0 0 0 7/13 17:33 5:04 0:00
Michael Latta 0 0 0 -2 0 1 0 3 0 0 2/6 13:00 0:12 0:00
Nikita Zadorov 0 0 0 -3 0 2 0 4 0 0 0/0 19:34 4:00 1:46
Rick Nash 0 0 0 -1 0 0 4 2 2 0 1/1 20:02 5:04 2:22
Ryan Ellis 1 0 1 1 0 8 1 5 3 1 0/0 30:42 7:56 2:28
Sergei Plotnikov 0 0 0 -2 2 1 1 1 0 0 0/0 13:15 0:00 0:00
Vladimir Tarasenko 0 1 1 0 0 5 0 0 0 0 7/11 26:27 6:43 2:22
Wes O'Neill 0 0 0 -3 0 0 1 2 1 1 0/0 19:34 4:00 1:46
Yann Sauvé 0 1 1 1 0 2 1 3 0 0 0/0 28:24 7:56 2:28
Players Stats for Canucks
Player Name G A P +/- PIM S H SB GA TA FO MP PP MP PK MP
------------------------------------------------------------------------------------
Brandon Burlon 0 1 1 1 0 0 0 0 0 0 0/0 9:10 0:00 0:09
Brandon Gormley 0 2 2 1 0 2 2 1 0 1 0/0 21:56 1:35 5:59
Connor Murphy 0 0 0 1 0 1 0 1 0 0 0/0 9:01 0:00 0:00
Dave Bolland 0 0 0 1 0 2 1 0 0 0 4/6 11:00 0:00 1:42
Denis Gurianov 0 0 0 1 2 0 0 0 0 0 0/0 17:14 2:40 0:00
Derick Brassard 1 0 1 1 2 3 3 1 0 2 14/42 23:46 2:40 5:30
Drew Stafford 0 0 0 0 0 1 1 0 0 0 0/0 7:32 0:00 0:00
Gilbert Brule 1 0 1 1 0 2 1 0 1 1 4/7 15:44 1:34 2:53
Hampus Lindholm 2 0 2 1 0 4 1 0 1 1 0/0 29:03 2:39 5:57
J.T. Miller 0 1 1 1 6 3 1 0 1 1 1/1 23:17 2:40 4:17
Jeremy Morin 0 0 0 1 0 6 2 0 0 0 0/0 11:36 0:00 2:41
Josh Bailey 0 0 0 0 0 3 2 0 0 0 0/0 7:32 0:00 0:00
Jujhar Khaira 0 3 3 1 0 2 3 0 0 0 3/4 18:00 1:34 4:36
Loui Eriksson 0 0 0 1 0 0 0 0 1 0 0/1 8:55 0:00 0:00
Maxim Talbot 0 0 0 0 2 0 1 0 0 1 4/4 7:53 0:00 0:00
Oliver Ekman-Larsson 0 1 1 1 0 2 0 0 0 0 0/0 29:03 2:39 5:57
Sam Gagner 1 0 1 1 2 2 3 0 0 0 1/1 15:19 1:34 2:04
Tyler Myers 0 0 0 1 0 1 2 2 0 1 0/0 21:56 1:35 5:59
3 Stars
1 - Hampus Lindholm (Van)
2 - Jujhar Khaira (Van)
3 - Brandon Gormley (Van)
Power Play
Islanders - 1 on 7 Attempt(s) - 14.29%
Canucks - 1 on 3 Attempt(s) - 33.33%
Penalty Kill
Islanders - 2 on 3 Attempt(s) - 66.67%
- Score 0 goal in Penalty Kill
Canucks - 6 on 7 Attempt(s) - 85.71%
- Score 0 goal in Penalty Kill
Team Stat
Islanders - Hits : 16 - Faceoff Wins : 35 - Blocked Shots : 21 - Penalty Minutes : 6
Canucks - Hits : 23 - Faceoff Wins : 31 - Blocked Shots : 5 - Penalty Minutes : 14
Official
Referees : Marc Joannette and Peter MacDougall
Linesman : Travis Gawryletz and Matt MacPherson
Game Notes
No Game Note
Finance
Level 1 -- Attendance: 5720 (95.33%) -- Ticket Income $572,000
Level 2 -- Attendance: 4724 (94.48%) -- Ticket Income $283,440
Level 3 -- Attendance: 1744 (87.20%) -- Ticket Income $61,040
Level 4 -- Attendance: 4000 (100.00%) -- Ticket Income $100,000
Luxury Box -- Attendance: 980 (98.00%) -- Ticket Income $196,000
Game was played at the Rodgers Arena.
Total Attendance: 17168 (95.38%)
Total Ticket Income: $1,212,480
Other Income: $181,872
Total Income: $1,394,352
Islanders
5 vs 5 Forward
Center Left Wing Right Wing Time % Phy DF OF
1 Frans Nielsen Kellan Lain Vladimir Tarasenko 40 1 2 2
2 Melker Karlsson Brock McGinn Rick Nash 30 1 2 2
3 Michael Latta Sergei Plotnikov Craig Smith 20 1 2 2
4 Vladimir Tarasenko Emerson Etem Andrew Shaw 10 1 2 2
5 vs 5 Defense
Defense Defense Time % Phy DF OF
1 Ryan Ellis Yann Sauvé 40 1 2 2
2 Wes O'Neill Nikita Zadorov 30 1 2 2
3 Brenden Dillon Justin Falk 20 1 2 2
4 Dylan McIlrath Ryan Ellis 10 1 2 2
PowerPlay Forward
Center Left Wing Right Wing Time % Phy DF OF
1 Frans Nielsen Kellan Lain Vladimir Tarasenko 60 1 2 2
2 Melker Karlsson Brock McGinn Rick Nash 40 1 2 2
PowerPlay Defense
Defense Defense Time % Phy DF OF
1 Ryan Ellis Yann Sauvé 60 1 2 2
2 Wes O'Neill Nikita Zadorov 40 1 2 2
Penalty Kill 4 Players Forward
Center Wing Time % Phy DF OF
1 Vladimir Tarasenko Rick Nash 60 1 2 2
2 Kellan Lain Frans Nielsen 40 1 2 2
Penalty Kill 4 Players Defense
Defense Defense Time % Phy DF OF
1 Ryan Ellis Yann Sauvé 60 1 2 2
2 Wes O'Neill Nikita Zadorov 40 1 2 2
Penalty Kill - 3 Players Forward
Forward Time % Phy DF OF
1 Vladimir Tarasenko 60 1 2 2
2 Rick Nash 40 1 2 2
Penalty Kill - 3 Players Defense
Defense Defense Time % Phy DF OF
1 Ryan Ellis Yann Sauvé 60 1 2 2
2 Wes O'Neill Nikita Zadorov 40 1 2 2
4 vs 4 Forward
Center Wing Time % Phy DF OF
1 Vladimir Tarasenko Rick Nash 60 1 2 2
2 Kellan Lain Frans Nielsen 40 1 2 2
4 vs 4 Defense
Defense Defense Time % Phy DF OF
1 Ryan Ellis Yann Sauvé 60 1 2 2
2 Wes O'Neill Nikita Zadorov 40 1 2 2
Last Minutes Offensive
Center Left Wing Right Wing Defense Defense
Frans Nielsen Kellan Lain Vladimir Tarasenko Ryan Ellis Yann Sauvé
Last Minutes Defensive
Center Left Wing Right Wing Defense Defense
Frans Nielsen Kellan Lain Vladimir Tarasenko Ryan Ellis Yann Sauvé
Goaltenders
Starting : Cam Ward
Backup : Marc-André Fleury
Extra Forwards
Normal : Michael Latta, Sergei Plotnikov, Emerson Etem - PP : Michael Latta, Sergei Plotnikov - PK : Emerson Etem
Extra Defensemen
Normal : Brenden Dillon, Justin Falk, Dylan McIlrath - PP : Brenden Dillon - PK : Justin Falk, Dylan McIlrath
Penalty Shots
Vladimir Tarasenko, Rick Nash, Kellan Lain, Frans Nielsen, Brock McGinn
Scratches
Carl Klingberg (Healthy), Christian Fischer (Healthy), Pierre-Edouard Bellemare (Bruised Left Shoulder Injury)
Canucks
5 vs 5 Forward
Center Left Wing Right Wing Time % Phy DF OF
1 Derick Brassard J.T. Miller Denis Gurianov 55 1 2 2
2 Gilbert Brule Jujhar Khaira Sam Gagner 30 1 2 2
3 Dave Bolland Jeremy Morin Loui Eriksson 10 1 2 2
4 Maxim Talbot Drew Stafford Josh Bailey 5 1 2 2
5 vs 5 Defense
Defense Defense Time % Phy DF OF
1 Oliver Ekman-Larsson Hampus Lindholm 40 1 2 2
2 Tyler Myers Brandon Gormley 30 1 2 2
3 Brandon Burlon Connor Murphy 20 1 2 2
4 Oliver Ekman-Larsson Hampus Lindholm 10 1 2 2
PowerPlay Forward
Center Left Wing Right Wing Time % Phy DF OF
1 Derick Brassard J.T. Miller Denis Gurianov 66 1 2 2
2 Gilbert Brule Jujhar Khaira Sam Gagner 34 1 2 2
PowerPlay Defense
Defense Defense Time % Phy DF OF
1 Oliver Ekman-Larsson Hampus Lindholm 60 1 2 2
2 Tyler Myers Brandon Gormley 40 1 2 2
Penalty Kill 4 Players Forward
Center Wing Time % Phy DF OF
1 Derick Brassard J.T. Miller 60 1 2 2
2 Gilbert Brule Sam Gagner 40 1 2 2
Penalty Kill 4 Players Defense
Defense Defense Time % Phy DF OF
1 Oliver Ekman-Larsson Hampus Lindholm 60 1 2 2
2 Tyler Myers Brandon Gormley 40 1 2 2
Penalty Kill - 3 Players Forward
Forward Time % Phy DF OF
1 Derick Brassard 60 1 2 2
2 Gilbert Brule 40 1 2 2
Penalty Kill - 3 Players Defense
Defense Defense Time % Phy DF OF
1 Oliver Ekman-Larsson Hampus Lindholm 60 1 2 2
2 Tyler Myers Brandon Gormley 40 1 2 2
4 vs 4 Forward
Center Wing Time % Phy DF OF
1 Derick Brassard J.T. Miller 60 1 2 2
2 Gilbert Brule Jujhar Khaira 40 1 2 2
4 vs 4 Defense
Defense Defense Time % Phy DF OF
1 Oliver Ekman-Larsson Hampus Lindholm 60 1 2 2
2 Tyler Myers Brandon Gormley 40 1 2 2
Last Minutes Offensive
Center Left Wing Right Wing Defense Defense
Derick Brassard J.T. Miller Denis Gurianov Oliver Ekman-Larsson Hampus Lindholm
Last Minutes Defensive
Center Left Wing Right Wing Defense Defense
Derick Brassard J.T. Miller Denis Gurianov Oliver Ekman-Larsson Hampus Lindholm
Goaltenders
Starting : Alexandar Georgiev
Backup : Matt Hackett
Extra Forwards
Normal : Jujhar Khaira, Sam Gagner, Jeremy Morin - PP : Jujhar Khaira, Sam Gagner - PK : Jujhar Khaira
Extra Defensemen
Normal : Hampus Lindholm, Brandon Gormley, Oliver Ekman-Larsson - PP : Hampus Lindholm - PK : Hampus Lindholm, Brandon Gormley
Penalty Shots
J.T. Miller, Derick Brassard, Gilbert Brule, Sam Gagner, Denis Gurianov
Scratches
Ryan Parent (Healthy)
% Time on Ice - Islanders
Lines # - Real PCT - Wanted PCT - Time Play
Normal Forward
1 - 30% - 40% - 13:02
2 - 28% - 30% - 12:22
3 - 28% - 20% - 12:08
4 - 14% - 10% - 6:18
Normal Defense
1 - 41% - 40% - 18:00
2 - 31% - 30% - 13:48
3 - 22% - 20% - 9:44
4 - 5% - 10% - 2:18
PP Forward
1 - 58% - 60% - 6:52
2 - 42% - 40% - 5:04
PP Defense
1 - 66% - 60% - 7:56
2 - 34% - 40% - 4:00
PK Forward
1 - 69% - 60% - 2:55
2 - 31% - 40% - 1:19
PK Defense
1 - 58% - 60% - 2:28
2 - 42% - 40% - 1:46
PK3 Forward
1 - 0% - 60%
2 - 0% - 40%
PK3 Defense
1 - 0% - 60%
2 - 0% - 40%
44 Forward
1 - 0% - 60%
2 - 0% - 40%
44 Defense
1 - 0% - 60%
2 - 0% - 40%
Last Minute Offensive - 0:00
Last Minute Defensive - 0:00
Total
Forward - 60:00
Defense - 60:00
|
% Time on Ice - Canucks
Lines # - Real PCT - Wanted PCT - Time Play
Normal Forward
1 - 37% - 55% - 16:06
2 - 26% - 30% - 11:17
3 - 20% - 10% - 8:55
4 - 17% - 5% - 7:32
Normal Defense
1 - 42% - 40% - 18:37
2 - 33% - 30% - 14:22
3 - 21% - 20% - 9:01
4 - 4% - 10% - 1:50
PP Forward
1 - 63% - 66% - 2:40
2 - 37% - 34% - 1:34
PP Defense
1 - 63% - 60% - 2:39
2 - 37% - 40% - 1:35
PK Forward
1 - 76% - 60% - 9:03
2 - 24% - 40% - 2:53
PK Defense
1 - 50% - 60% - 5:57
2 - 50% - 40% - 5:59
PK3 Forward
1 - 0% - 60%
2 - 0% - 40%
PK3 Defense
1 - 0% - 60%
2 - 0% - 40%
44 Forward
1 - 0% - 60%
2 - 0% - 40%
44 Defense
1 - 0% - 60%
2 - 0% - 40%
Last Minute Offensive - 0:00
Last Minute Defensive - 0:00
Total
Forward - 60:00
Defense - 60:00
|
Play-by-Play
1st period
0:01 of 1st period - Derick Brassard wins face-off versus Frans Nielsen in neutral zone.
0:17 of 1st period - Snap shot by Vladimir Tarasenko.
0:17 of 1st period - Shot Misses the Net.
0:34 of 1st period - Oliver Ekman-Larsson is hit by Yann Sauvé and loses puck.
0:37 of 1st period - Snap shot by Sam Gagner.
0:37 of 1st period - Shot Blocked by Rick Nash.
0:39 of 1st period - Backhand shot by Gilbert Brule.
0:39 of 1st period - Stopped by Cam Ward without a rebound.
0:40 of 1st period - Dave Bolland wins face-off versus Michael Latta in Islanders zone.
0:45 of 1st period - Slapshot by Loui Eriksson.
0:45 of 1st period - Deflect By Dave Bolland.
0:45 of 1st period - Shot Misses the Net.
0:45 of 1st period - Puck is out of play.
0:46 of 1st period - Michael Latta wins face-off versus Dave Bolland in Islanders zone.
0:46 of 1st period - Michael Latta is hit by Brandon Gormley.
0:49 of 1st period - Minor Penalty to Sergei Plotnikov for Roughing.
0:50 of 1st period - Vladimir Tarasenko wins face-off versus Derick Brassard in Islanders zone.
0:58 of 1st period - Snap shot by J.T. Miller.
0:58 of 1st period - Shot Blocked by Yann Sauvé.
1:00 of 1st period - Slapshot by Oliver Ekman-Larsson.
1:00 of 1st period - Stopped by Cam Ward with a rebound.
1:26 of 1st period - Snap shot by J.T. Miller.
1:26 of 1st period - Shot Misses the Net.
1:30 of 1st period - Snap shot by J.T. Miller.
1:30 of 1st period - Shot Blocked by Ryan Ellis.
1:32 of 1st period - Slapshot by Hampus Lindholm.
1:32 of 1st period - Shot Blocked by Yann Sauvé.
1:34 of 1st period - Slapshot by Derick Brassard.
1:34 of 1st period - Shot Blocked by Yann Sauvé.
1:36 of 1st period - Backhand shot by Hampus Lindholm.
1:36 of 1st period - Stopped by Cam Ward with a rebound.
1:51 of 1st period - Off-side.
1:52 of 1st period - Sam Gagner wins face-off versus Vladimir Tarasenko in neutral zone.
1:56 of 1st period - Off-side.
1:57 of 1st period - Gilbert Brule wins face-off versus Vladimir Tarasenko in neutral zone.
2:00 of 1st period - Nikita Zadorov is hit by Jujhar Khaira and loses puck.
2:09 of 1st period - Snap shot by Vladimir Tarasenko.
2:09 of 1st period - Shot Misses the Net.
2:49 of 1st period - Penalty to Sergei Plotnikov is over, Sergei Plotnikov is back on ice.
3:11 of 1st period - Snap shot by Rick Nash.
3:11 of 1st period - Deflect By Vladimir Tarasenko.
3:11 of 1st period - Stopped by Alexandar Georgiev with a rebound.
3:58 of 1st period - Icing by Jujhar Khaira.
3:59 of 1st period - Gilbert Brule wins face-off versus Michael Latta in Canucks zone.
4:20 of 1st period - Slapshot by Gilbert Brule.
4:20 of 1st period - Shot Blocked by Sergei Plotnikov.
4:24 of 1st period - Wrist shot by Gilbert Brule.
4:24 of 1st period - Goal by Gilbert Brule - Islanders : 0 - Canucks : 1.
4:25 of 1st period - Melker Karlsson wins face-off versus Derick Brassard in neutral zone.
4:32 of 1st period - Wrist shot by Rick Nash.
4:32 of 1st period - Shot Blocked by Tyler Myers.
4:56 of 1st period - Slapshot by Ryan Ellis.
4:56 of 1st period - Stopped by Alexandar Georgiev with a rebound.
5:02 of 1st period - Slapshot by Sam Gagner.
5:02 of 1st period - Shot Misses the Net.
5:50 of 1st period - Oliver Ekman-Larsson is hit by Melker Karlsson and loses puck.
5:57 of 1st period - Slapshot by Connor Murphy.
5:57 of 1st period - Deflect By Nikita Zadorov.
5:57 of 1st period - Stopped by Cam Ward with a rebound.
6:23 of 1st period - Snap shot by Gilbert Brule.
6:23 of 1st period - Shot Blocked by Michael Latta.
6:25 of 1st period - Slapshot by Brandon Burlon.
6:25 of 1st period - Deflect By Jujhar Khaira.
6:25 of 1st period - Stopped by Cam Ward with a rebound.
7:11 of 1st period - Wrist shot by Tyler Myers.
7:11 of 1st period - Stopped by Cam Ward without a rebound.
7:12 of 1st period - Maxim Talbot wins face-off versus Michael Latta in Islanders zone.
7:20 of 1st period - Slapshot by Oliver Ekman-Larsson.
7:20 of 1st period - Shot Misses the Net.
7:22 of 1st period - Slapshot by Hampus Lindholm.
7:22 of 1st period - Shot Blocked by Ryan Ellis.
7:34 of 1st period - Snap shot by Hampus Lindholm.
7:34 of 1st period - Shot Blocked by Ryan Ellis.
7:44 of 1st period - Wrist shot by Michael Latta.
7:44 of 1st period - Shot Blocked by Connor Murphy.
7:46 of 1st period - Slapshot by Ryan Ellis.
7:46 of 1st period - Stopped by Alexandar Georgiev without a rebound.
7:47 of 1st period - Frans Nielsen wins face-off versus Derick Brassard in Canucks zone.
8:01 of 1st period - Icing by Denis Gurianov.
8:02 of 1st period - Rick Nash wins face-off versus Derick Brassard in Canucks zone.
8:33 of 1st period - Wrist shot by Frans Nielsen.
8:33 of 1st period - Stopped by Alexandar Georgiev without a rebound.
8:34 of 1st period - Frans Nielsen wins face-off versus Derick Brassard in Canucks zone.
10:11 of 1st period - Rick Nash is hit by Derick Brassard and loses puck.
10:54 of 1st period - Emerson Etem is hit by Dave Bolland and loses puck.
11:07 of 1st period - Loui Eriksson is hit by Brenden Dillon.
11:38 of 1st period - Slapshot by Tyler Myers.
11:38 of 1st period - Shot Blocked by Nikita Zadorov.
11:40 of 1st period - Snap shot by Maxim Talbot.
11:40 of 1st period - Shot Blocked by Nikita Zadorov.
11:55 of 1st period - Snap shot by Gilbert Brule.
11:55 of 1st period - Shot Misses the Net.
12:09 of 1st period - Frans Nielsen is hit by Hampus Lindholm and loses puck.
12:33 of 1st period - Rick Nash is hit by Jeremy Morin and loses puck.
12:48 of 1st period - Snap shot by Craig Smith.
12:48 of 1st period - Shot Blocked by Brandon Gormley.
13:18 of 1st period - Snap shot by Derick Brassard.
13:18 of 1st period - Stopped by Cam Ward with a rebound.
13:27 of 1st period - Minor Penalty to J.T. Miller for Hooking.
13:28 of 1st period - Frans Nielsen wins face-off versus Derick Brassard in Canucks zone.
13:42 of 1st period - Wrist shot by Vladimir Tarasenko.
13:42 of 1st period - Stopped by Alexandar Georgiev without a rebound.
13:43 of 1st period - Frans Nielsen wins face-off versus Derick Brassard in Canucks zone.
15:24 of 1st period - Michael Latta is hit by Sam Gagner and loses puck.
15:27 of 1st period - Penalty to J.T. Miller is over, J.T. Miller is back on ice.
15:39 of 1st period - Slapshot by J.T. Miller.
15:39 of 1st period - Stopped by Cam Ward with a rebound.
15:41 of 1st period - Slapshot by Gilbert Brule.
15:41 of 1st period - Shot Blocked by Nikita Zadorov.
15:43 of 1st period - Slapshot by Oliver Ekman-Larsson.
15:43 of 1st period - Stopped by Cam Ward without a rebound.
15:44 of 1st period - Vladimir Tarasenko wins face-off versus Derick Brassard in Islanders zone.
16:09 of 1st period - Vladimir Tarasenko is hit by Josh Bailey and loses puck.
16:37 of 1st period - Nikita Zadorov is hit by Tyler Myers and loses puck.
16:56 of 1st period - Hampus Lindholm is hit by Brock McGinn and loses puck.
18:39 of 1st period - Snap shot by Tyler Myers.
18:39 of 1st period - Deflect By Sam Gagner.
18:39 of 1st period - Shot Blocked by Michael Latta.
18:39 of 1st period - Puck is out of play.
18:40 of 1st period - Michael Latta wins face-off versus Gilbert Brule in Islanders zone.
18:59 of 1st period - Slapshot by Vladimir Tarasenko.
18:59 of 1st period - Shot Hit the Post.
19:01 of 1st period - Wrist shot by Frans Nielsen.
19:01 of 1st period - Goal by Frans Nielsen - Islanders : 1 - Canucks : 1.
19:02 of 1st period - Frans Nielsen wins face-off versus Derick Brassard in neutral zone.
19:37 of 1st period - Snap shot by Jujhar Khaira.
19:37 of 1st period - Deflect By Sam Gagner.
19:37 of 1st period - Goal by Sam Gagner - Islanders : 1 - Canucks : 2.
19:38 of 1st period - Frans Nielsen wins face-off versus Derick Brassard in neutral zone.
19:41 of 1st period - Slapshot by Ryan Ellis.
19:41 of 1st period - Stopped by Alexandar Georgiev without a rebound.
19:42 of 1st period - J.T. Miller wins face-off versus Frans Nielsen in Canucks zone.
19:55 of 1st period - Wrist shot by J.T. Miller.
19:55 of 1st period - Shot Misses the Net.
Goals for this period are 1 for Islanders vs 2 for Canucks.
Shots for this period are 7 for Islanders vs 11 for Canucks.
2nd period
0:01 of 2nd period - Frans Nielsen wins face-off versus Derick Brassard in neutral zone.
0:34 of 2nd period - Slapshot by Yann Sauvé.
0:34 of 2nd period - Stopped by Alexandar Georgiev with a rebound.
0:52 of 2nd period - Wrist shot by Drew Stafford.
0:52 of 2nd period - Stopped by Cam Ward with a rebound.
0:56 of 2nd period - Snap shot by Maxim Talbot.
0:56 of 2nd period - Deflect By Josh Bailey.
0:56 of 2nd period - Stopped by Cam Ward without a rebound.
0:57 of 2nd period - Frans Nielsen wins face-off versus Derick Brassard in Islanders zone.
0:57 of 2nd period - Frans Nielsen is hit by J.T. Miller.
1:32 of 2nd period - Wrist shot by Jeremy Morin.
1:32 of 2nd period - Shot Blocked by Michael Latta.
1:34 of 2nd period - Snap shot by Jeremy Morin.
1:34 of 2nd period - Stopped by Cam Ward without a rebound.
1:35 of 2nd period - Derick Brassard wins face-off versus Melker Karlsson in Islanders zone.
2:02 of 2nd period - Wrist shot by Frans Nielsen.
2:02 of 2nd period - Shot Hit the Post.
2:04 of 2nd period - Slapshot by Frans Nielsen.
2:04 of 2nd period - Stopped by Alexandar Georgiev with a rebound.
2:06 of 2nd period - Snap shot by Frans Nielsen.
2:06 of 2nd period - Stopped by Alexandar Georgiev with a rebound.
2:40 of 2nd period - Minor Penalty to Craig Smith for Tripping.
2:41 of 2nd period - Vladimir Tarasenko wins face-off versus Derick Brassard in Islanders zone.
2:54 of 2nd period - Snap shot by Hampus Lindholm.
2:54 of 2nd period - Shot Blocked by Ryan Ellis.
2:56 of 2nd period - Slapshot by Hampus Lindholm.
2:56 of 2nd period - Goal by Hampus Lindholm - Islanders : 1 - Canucks : 3.
2:57 of 2nd period - Frans Nielsen wins face-off versus Derick Brassard in neutral zone.
3:06 of 2nd period - Slapshot by Ryan Ellis.
3:06 of 2nd period - Stopped by Alexandar Georgiev with a rebound.
3:24 of 2nd period - Rick Nash is hit by Sam Gagner.
3:48 of 2nd period - Snap shot by Jeremy Morin.
3:48 of 2nd period - Stopped by Cam Ward with a rebound.
4:04 of 2nd period - Snap shot by Josh Bailey.
4:04 of 2nd period - Shot Misses the Net.
4:06 of 2nd period - Slapshot by Hampus Lindholm.
4:06 of 2nd period - Shot Misses the Net.
4:36 of 2nd period - Denis Gurianov is hit by Rick Nash and loses puck.
5:06 of 2nd period - Slapshot by Sergei Plotnikov.
5:06 of 2nd period - Shot Misses the Net.
5:11 of 2nd period - Off-side.
5:12 of 2nd period - Vladimir Tarasenko wins face-off versus Dave Bolland in neutral zone.
5:24 of 2nd period - Slapshot by Emerson Etem.
5:24 of 2nd period - Shot Blocked by Tyler Myers.
5:33 of 2nd period - Icing by Derick Brassard.
5:34 of 2nd period - Melker Karlsson wins face-off versus Derick Brassard in Canucks zone.
5:46 of 2nd period - Slapshot by Derick Brassard.
5:46 of 2nd period - Deflect By Ryan Ellis.
5:46 of 2nd period - Stopped by Cam Ward without a rebound.
5:47 of 2nd period - Derick Brassard wins face-off versus Frans Nielsen in Islanders zone.
6:01 of 2nd period - Off-side.
6:02 of 2nd period - Derick Brassard wins face-off versus Frans Nielsen in neutral zone.
6:13 of 2nd period - Wrist shot by Vladimir Tarasenko.
6:13 of 2nd period - Shot Misses the Net.
6:27 of 2nd period - Ryan Ellis is hit by Gilbert Brule and loses puck.
6:54 of 2nd period - Slapshot by Dave Bolland.
6:54 of 2nd period - Shot Misses the Net.
7:08 of 2nd period - Sergei Plotnikov is hit by Maxim Talbot and loses puck.
7:15 of 2nd period - Snap shot by Josh Bailey.
7:15 of 2nd period - Shot Blocked by Wes O'Neill.
7:23 of 2nd period - Snap shot by Craig Smith.
7:23 of 2nd period - Stopped by Alexandar Georgiev without a rebound.
7:24 of 2nd period - Frans Nielsen wins face-off versus Derick Brassard in Canucks zone.
7:36 of 2nd period - Minor Penalty to J.T. Miller for Hooking.
7:37 of 2nd period - Frans Nielsen wins face-off versus Derick Brassard in Canucks zone.
7:41 of 2nd period - Slapshot by Ryan Ellis.
7:41 of 2nd period - Shot Misses the Net.
7:43 of 2nd period - Wrist shot by Vladimir Tarasenko.
7:43 of 2nd period - Stopped by Alexandar Georgiev without a rebound.
7:44 of 2nd period - Frans Nielsen wins face-off versus Derick Brassard in Canucks zone.
7:45 of 2nd period - Wrist shot by Vladimir Tarasenko.
7:45 of 2nd period - Stopped by Alexandar Georgiev without a rebound.
7:46 of 2nd period - Derick Brassard wins face-off versus Frans Nielsen in Canucks zone.
7:46 of 2nd period - Derick Brassard is hit by Kellan Lain.
9:36 of 2nd period - Penalty to J.T. Miller is over, J.T. Miller is back on ice.
9:44 of 2nd period - Snap shot by Craig Smith.
9:44 of 2nd period - Stopped by Alexandar Georgiev with a rebound.
9:46 of 2nd period - Snap shot by Sergei Plotnikov.
9:46 of 2nd period - Stopped by Alexandar Georgiev with a rebound.
9:48 of 2nd period - Snap shot by Craig Smith.
9:48 of 2nd period - Stopped by Alexandar Georgiev with a rebound.
9:50 of 2nd period - Snap shot by Michael Latta.
9:50 of 2nd period - Stopped by Alexandar Georgiev with a rebound.
9:52 of 2nd period - Slapshot by Craig Smith.
9:52 of 2nd period - Stopped by Alexandar Georgiev with a rebound.
10:01 of 2nd period - Off-side.
10:02 of 2nd period - Maxim Talbot wins face-off versus Emerson Etem in neutral zone.
10:09 of 2nd period - Slapshot by Ryan Ellis.
10:09 of 2nd period - Deflect By Emerson Etem.
10:09 of 2nd period - Shot Misses the Net.
10:09 of 2nd period - Puck is out of play.
10:10 of 2nd period - Dave Bolland wins face-off versus Melker Karlsson in Canucks zone.
10:10 of 2nd period - Dave Bolland is hit by Rick Nash.
10:18 of 2nd period - Snap shot by Dave Bolland.
10:18 of 2nd period - Stopped by Cam Ward without a rebound.
10:19 of 2nd period - Melker Karlsson wins face-off versus Loui Eriksson in Islanders zone.
10:29 of 2nd period - Minor Penalty to Melker Karlsson for Elbowing.
10:30 of 2nd period - Vladimir Tarasenko wins face-off versus Derick Brassard in Islanders zone.
11:36 of 2nd period - Wes O'Neill is hit by Tyler Myers and loses puck.
11:43 of 2nd period - Tyler Myers is hit by Brock McGinn.
11:58 of 2nd period - Hampus Lindholm is hit by Rick Nash and loses puck.
12:29 of 2nd period - Penalty to Melker Karlsson is over, Melker Karlsson is back on ice.
12:31 of 2nd period - Emerson Etem is hit by Jujhar Khaira and loses puck.
12:42 of 2nd period - Slapshot by Jeremy Morin.
12:42 of 2nd period - Stopped by Cam Ward with a rebound.
15:21 of 2nd period - Off-side.
15:22 of 2nd period - Vladimir Tarasenko wins face-off versus Derick Brassard in neutral zone.
15:26 of 2nd period - Minor Penalty to J.T. Miller for Holding.
15:27 of 2nd period - Frans Nielsen wins face-off versus Derick Brassard in Canucks zone.
15:28 of 2nd period - Slapshot by Ryan Ellis.
15:28 of 2nd period - Goal by Ryan Ellis - Islanders : 2 - Canucks : 3.
15:29 of 2nd period - Derick Brassard wins face-off versus Frans Nielsen in neutral zone.
15:34 of 2nd period - Wrist shot by J.T. Miller.
15:34 of 2nd period - Stopped by Cam Ward without a rebound.
15:35 of 2nd period - Frans Nielsen wins face-off versus Derick Brassard in Islanders zone.
15:58 of 2nd period - Minor Penalty to Denis Gurianov for Holding.
15:59 of 2nd period - Derick Brassard wins face-off versus Frans Nielsen in Canucks zone.
16:36 of 2nd period - Slapshot by Ryan Ellis.
16:36 of 2nd period - Shot Misses the Net.
16:50 of 2nd period - Kellan Lain is hit by Brandon Gormley and loses puck.
17:58 of 2nd period - Penalty to Denis Gurianov is over, Denis Gurianov is back on ice.
18:28 of 2nd period - Michael Latta is hit by Jeremy Morin.
18:38 of 2nd period - Emerson Etem is hit by Drew Stafford and loses puck.
18:59 of 2nd period - Nikita Zadorov is hit by Derick Brassard and loses puck.
19:18 of 2nd period - Slapshot by Jujhar Khaira.
19:18 of 2nd period - Shot Blocked by Wes O'Neill.
Goals for this period are 1 for Islanders vs 1 for Canucks.
Shots for this period are 13 for Islanders vs 9 for Canucks.
3rd period
0:01 of 3rd period - Derick Brassard wins face-off versus Frans Nielsen in neutral zone.
0:14 of 3rd period - Slapshot by Ryan Ellis.
0:14 of 3rd period - Stopped by Alexandar Georgiev without a rebound.
0:15 of 3rd period - Frans Nielsen wins face-off versus Derick Brassard in Canucks zone.
0:16 of 3rd period - Slapshot by Ryan Ellis.
0:16 of 3rd period - Stopped by Alexandar Georgiev without a rebound.
0:17 of 3rd period - Derick Brassard wins face-off versus Frans Nielsen in Canucks zone.
1:02 of 3rd period - Slapshot by Frans Nielsen.
1:02 of 3rd period - Stopped by Alexandar Georgiev without a rebound.
1:03 of 3rd period - Melker Karlsson wins face-off versus Derick Brassard in Canucks zone.
1:06 of 3rd period - Snap shot by Melker Karlsson.
1:06 of 3rd period - Shot Misses the Net.
1:29 of 3rd period - Jujhar Khaira is hit by Wes O'Neill and loses puck.
1:50 of 3rd period - Slapshot by Nikita Zadorov.
1:50 of 3rd period - Stopped by Alexandar Georgiev without a rebound.
1:51 of 3rd period - Dave Bolland wins face-off versus Vladimir Tarasenko in Canucks zone.
2:02 of 3rd period - Snap shot by Dave Bolland.
2:02 of 3rd period - Deflect By Loui Eriksson.
2:02 of 3rd period - Shot Misses the Net.
2:02 of 3rd period - Puck is out of play.
2:03 of 3rd period - Derick Brassard wins face-off versus Melker Karlsson in Islanders zone.
2:03 of 3rd period - Hampus Lindholm is hit by Ryan Ellis and loses puck.
2:10 of 3rd period - Oliver Ekman-Larsson is hit by Melker Karlsson and loses puck.
2:51 of 3rd period - Slapshot by Hampus Lindholm.
2:51 of 3rd period - Deflect By Michael Latta.
2:51 of 3rd period - Goal by Hampus Lindholm - Islanders : 2 - Canucks : 4.
2:52 of 3rd period - Derick Brassard wins face-off versus Frans Nielsen in neutral zone.
3:19 of 3rd period - Brock McGinn is hit by Sam Gagner and loses puck.
3:42 of 3rd period - Slapshot by Brandon Gormley.
3:42 of 3rd period - Deflect By Jeremy Morin.
3:42 of 3rd period - Stopped by Cam Ward with a rebound.
3:44 of 3rd period - Slapshot by Tyler Myers.
3:44 of 3rd period - Shot Blocked by Nikita Zadorov.
3:46 of 3rd period - Slapshot by Brandon Gormley.
3:46 of 3rd period - Deflect By Dave Bolland.
3:46 of 3rd period - Deflect By Wes O'Neill.
3:46 of 3rd period - Stopped by Cam Ward with a rebound.
5:25 of 3rd period - Wrist shot by J.T. Miller.
5:25 of 3rd period - Shot Blocked by Justin Falk.
5:45 of 3rd period - Brenden Dillon is hit by Josh Bailey and loses puck.
6:12 of 3rd period - Minor Penalty to Sam Gagner for Tripping.
6:13 of 3rd period - Derick Brassard wins face-off versus Frans Nielsen in Canucks zone.
6:26 of 3rd period - Wrist shot by Derick Brassard.
6:26 of 3rd period - Shot Blocked by Ryan Ellis.
6:30 of 3rd period - Slapshot by J.T. Miller.
6:30 of 3rd period - Stopped by Cam Ward without a rebound.
6:31 of 3rd period - Melker Karlsson wins face-off versus Derick Brassard in Islanders zone.
7:59 of 3rd period - Jeremy Morin is hit by Rick Nash and loses puck.
8:12 of 3rd period - Penalty to Sam Gagner is over, Sam Gagner is back on ice.
8:42 of 3rd period - Snap shot by Jeremy Morin.
8:42 of 3rd period - Stopped by Cam Ward without a rebound.
8:43 of 3rd period - Dave Bolland wins face-off versus Vladimir Tarasenko in Islanders zone.
8:56 of 3rd period - Slapshot by Jeremy Morin.
8:56 of 3rd period - Stopped by Cam Ward without a rebound.
8:57 of 3rd period - Melker Karlsson wins face-off versus Gilbert Brule in Islanders zone.
9:23 of 3rd period - Gilbert Brule is hit by Sergei Plotnikov and loses puck.
9:48 of 3rd period - Brenden Dillon is hit by Derick Brassard and loses puck.
9:57 of 3rd period - Slapshot by J.T. Miller.
9:57 of 3rd period - Shot Misses the Net.
9:59 of 3rd period - Slapshot by Brandon Gormley.
9:59 of 3rd period - Stopped by Cam Ward with a rebound.
10:09 of 3rd period - Snap shot by Josh Bailey.
10:09 of 3rd period - Stopped by Cam Ward without a rebound.
10:10 of 3rd period - Maxim Talbot wins face-off versus Melker Karlsson in Islanders zone.
10:19 of 3rd period - Slapshot by Ryan Ellis.
10:19 of 3rd period - Stopped by Alexandar Georgiev with a rebound.
10:21 of 3rd period - Snap shot by Brock McGinn.
10:21 of 3rd period - Shot Misses the Net.
10:23 of 3rd period - Slapshot by Yann Sauvé.
10:23 of 3rd period - Stopped by Alexandar Georgiev without a rebound.
10:24 of 3rd period - Frans Nielsen wins face-off versus Derick Brassard in Canucks zone.
10:55 of 3rd period - Slapshot by Hampus Lindholm.
10:55 of 3rd period - Shot Blocked by Rick Nash.
12:01 of 3rd period - Brandon Burlon is hit by Frans Nielsen and loses puck.
12:19 of 3rd period - Icing by Yann Sauvé.
12:20 of 3rd period - Vladimir Tarasenko wins face-off versus Jujhar Khaira in Islanders zone.
12:46 of 3rd period - Snap shot by Frans Nielsen.
12:46 of 3rd period - Stopped by Alexandar Georgiev without a rebound.
12:47 of 3rd period - Derick Brassard wins face-off versus Kellan Lain in Canucks zone.
12:58 of 3rd period - Wrist shot by Derick Brassard.
12:58 of 3rd period - Goal by Derick Brassard - Islanders : 2 - Canucks : 5.
12:59 of 3rd period - Frans Nielsen wins face-off versus Derick Brassard in neutral zone.
13:02 of 3rd period - Wrist shot by Kellan Lain.
13:02 of 3rd period - Stopped by Alexandar Georgiev without a rebound.
13:03 of 3rd period - Derick Brassard wins face-off versus Frans Nielsen in Canucks zone.
13:34 of 3rd period - Slapshot by Michael Latta.
13:34 of 3rd period - Shot Misses the Net.
13:36 of 3rd period - Snap shot by Michael Latta.
13:36 of 3rd period - Shot Misses the Net.
13:38 of 3rd period - Slapshot by Nikita Zadorov.
13:38 of 3rd period - Shot Blocked by Derick Brassard.
13:40 of 3rd period - Slapshot by Nikita Zadorov.
13:40 of 3rd period - Stopped by Alexandar Georgiev with a rebound.
13:45 of 3rd period - Minor Penalty to Derick Brassard for Slashing.
13:46 of 3rd period - Jujhar Khaira wins face-off versus Frans Nielsen in Canucks zone.
14:04 of 3rd period - Slapshot by Brock McGinn.
14:04 of 3rd period - Stopped by Alexandar Georgiev without a rebound.
14:05 of 3rd period - Jujhar Khaira wins face-off versus Melker Karlsson in Canucks zone.
14:34 of 3rd period - Icing by Yann Sauvé.
14:35 of 3rd period - Jujhar Khaira wins face-off versus Frans Nielsen in Islanders zone.
15:45 of 3rd period - Penalty to Derick Brassard is over, Derick Brassard is back on ice.
16:24 of 3rd period - Minor Penalty to Maxim Talbot for High sticking.
16:25 of 3rd period - Frans Nielsen wins face-off versus Derick Brassard in Canucks zone.
16:27 of 3rd period - Snap shot by Vladimir Tarasenko.
16:27 of 3rd period - Stopped by Alexandar Georgiev with a rebound.
16:36 of 3rd period - Off-side.
16:37 of 3rd period - Gilbert Brule wins face-off versus Frans Nielsen in neutral zone.
17:04 of 3rd period - Tyler Myers is hit by Brock McGinn and loses puck.
18:24 of 3rd period - Penalty to Maxim Talbot is over, Maxim Talbot is back on ice.
19:03 of 3rd period - Slapshot by Brandon Gormley.
19:03 of 3rd period - Stopped by Cam Ward without a rebound.
19:04 of 3rd period - Maxim Talbot wins face-off versus Michael Latta in Islanders zone.
19:07 of 3rd period - Snap shot by Josh Bailey.
19:07 of 3rd period - Stopped by Cam Ward with a rebound.
19:09 of 3rd period - Wrist shot by Drew Stafford.
19:09 of 3rd period - Shot Misses the Net.
19:19 of 3rd period - Slapshot by Hampus Lindholm.
19:19 of 3rd period - Stopped by Cam Ward without a rebound.
19:20 of 3rd period - Gilbert Brule wins face-off versus Melker Karlsson in Islanders zone.
19:21 of 3rd period - Snap shot by Sam Gagner.
19:21 of 3rd period - Stopped by Cam Ward with a rebound.
19:23 of 3rd period - Wrist shot by Sam Gagner.
19:23 of 3rd period - Shot Misses the Net.
19:27 of 3rd period - Snap shot by Jujhar Khaira.
19:27 of 3rd period - Stopped by Cam Ward without a rebound.
19:28 of 3rd period - Melker Karlsson wins face-off versus Gilbert Brule in Islanders zone.
19:28 of 3rd period - Melker Karlsson is hit by Jujhar Khaira.
Goals for this period are 0 for Islanders vs 2 for Canucks.
Shots for this period are 11 for Islanders vs 14 for Canucks.
Output by the SimonT Hockey Simulator (STHS) for Francois Prevost